 Dungeon Crawl Stone Soup version 0.30.1-3-gfc49f6343a (webtiles) character file.

Game seed: 5518176320344053803

1006 smokinjp the Cudgeller (level 8, -6/70 HPs)
             Began as a Minotaur Fighter on May 24, 2023.
             Mangled by a sixfirhy (11 damage)
             ... on level 1 of the Abyss on Aug 4, 2023.
             The game lasted 00:21:15 (4299 turns).

smokinjp the Cudgeller (Minotaur Fighter)           Turns: 4299, Time: 00:21:17

Health: -6/70      AC: 10    Str: 20 (23) XL:     8   Next: 0%
Magic:  7/7        EV: 10    Int:  2 (5)  God:
Gold:   267        SH:  4    Dex:  7 (10) Spells: 7/7 levels left

rFire   . . .        a - +1 flail
rCold   . . .        c - +0 buckler
rNeg    . . .        b - +0 scale mail
rPois   .            (helmet restricted)
rElec   .            (no cloak)
rCorr   .            g - +1 pair of gloves
SInv    .            (no boots)
Will    .....        j - amulet of magic regeneration Stlth
                     (no ring)
HPRegen 0.31/turn    (no ring)
MPRegen 0.50/turn

%: no passive effects
@: about to teleport
A: horns 2, retaliatory headbutt
a: no special abilities


You were on level 1 of the Abyss.
You visited 1 branch of the dungeon, and saw 5 of its levels.
You visited the Abyss 1 time.

You collected 267 gold pieces.

Inventory:

Hand Weapons
 a - a +1 flail (weapon)
Armour
 b - a +0 scale mail (worn)
 c - a +0 buckler (worn)
 g - a +1 pair of gloves (worn)
 p - a +0 cloak
Magical Staves
 k - a staff of poison
Jewellery
 d - an amulet of guardian spirit
 j - an amulet of magic regeneration (around neck)
Scrolls
 f - a scroll of identify
 h - a scroll of silence {unknown}
 i - a scroll of poison
 l - a scroll of vulnerability {unknown}
 n - 2 scrolls of teleportation
 q - a scroll of fog {unknown}
Potions
 e - a potion of magic
 m - 5 potions of brilliance


   Skills:
 + Level 6.0 Fighting
 + Level 7.4 Maces & Flails
 + Level 6.5 Armour
 + Level 2.3 Dodging
 + Level 0.2 Stealth
 + Level 4.9 Shields


You had 7 spell levels left.
You didn't know any spells.
Your spell library contained the following spells:

 Spells                   Type           Power      Damage    Failure   Level
 Magic Dart               Conj           0%         1d3       91%         1
 Searing Ray              Conj           0%         2d4       97%         2
 Fulminant Prism          Conj/Hex       0%         3d5       100%        4


Dungeon Overview and Level Annotations

Branches:
Dungeon (5/15)
 Temple: D:4-7

Altars:
Dithmenos
Gozag
Uskayaw

Shops:
D:3 :

Annotations:
D:3 3 runed translucent doors, sheffield53's ghost, amateur SpEn


Innate Abilities, Weirdness & Mutations

You have a pair of horns on your head.
You reflexively headbutt those who attack you in melee.


Message History

The floor.
Press: ? - help, v - describe, . - travel The floor.
The helpless sixfirhy fails to defend itself.
You thump the sixfirhy! Your headbutt misses the sixfirhy.
The sixfirhy is moderately wounded.
You closely miss the sixfirhy.
The sixfirhy is moderately wounded.
The sixfirhy barely misses you. The sixfirhy hits you. The sixfirhy shocks you!
You block the sixfirhy's attack. x2
You miss the sixfirhy. Your headbutt misses the sixfirhy.
The sixfirhy is moderately wounded.
The sixfirhy hits you but does no damage.
You sock the sixfirhy! You headbutt the sixfirhy!
The sixfirhy is severely wounded.
You barely miss the sixfirhy. You headbutt the sixfirhy.
The sixfirhy is almost dead.
You block the sixfirhy's attack. The sixfirhy barely misses you.
You furiously retaliate!
You headbutt the sixfirhy. You miss the sixfirhy.
The sixfirhy is almost dead.
The sixfirhy hits you but does no damage.
The sixfirhy barely misses you. The sixfirhy hits you. The sixfirhy shocks you!
You block the sixfirhy's attack.
You completely miss the sixfirhy. Your headbutt misses the sixfirhy.
The sixfirhy is severely wounded.
The sixfirhy hits you. The sixfirhy shocks you!
* * * LOW HITPOINT WARNING * * *
The sixfirhy hits you but does no damage.
It was a potion of degeneration.
There was something very wrong with that liquid.
You feel weakened.
You feel dopey.
You feel clumsy.
Okay, then.
As you read the scroll of teleportation, it crumbles to dust.
You feel strangely unstable.
You feel the power of the Abyss delaying your translocation!
The sixfirhy hits you!
* * * LOW HITPOINT WARNING * * *
The sixfirhy shocks you!
You die...

###
#@#
#3#
#X#
.≈#
#$#
###


You could see a large abomination and a sixfirhy.

Vanquished Creatures
  Sigmund (D:4)
  An ice beast (D:4)
  A black bear (D:5)
  3 ogres
  A jelly (D:5)
  A gnoll bouda (D:4)
  2 iguanas
  Terence (D:2)
  An orc wizard (D:4)
  Robin (D:2)
  9 gnolls
  2 adders
  A worm (D:3)
  3 dart slugs
  12 orcs
  11 ball pythons
  6 endoplasms
  3 giant cockroaches
  12 hobgoblins
  9 jackals
  4 quokkas
  4 frilled lizards
  18 goblins
  6 kobolds
  10 rats
123 creatures vanquished.

Notes
Turn   | Place    | Note
-------+----------+-------------------------------------------
     0 | D:1      | smokinjp the Minotaur Fighter began the quest for the Orb.
     0 | D:1      | Reached XP level 1. HP: 19/19 MP: 0/0
   138 | D:1      | Reached XP level 2. HP: 24/27 MP: 1/1
   327 | D:1      | Upgraded the game from 0.30.0-18-gc0e69614cb to
                  | 0.30.1-3-gfc49f6343a
   434 | D:1      | Found a faded altar of an unknown god.
   452 | D:1      | Reached XP level 3. HP: 33/33 MP: 2/2
   711 | D:1      | Reached skill level 3 in Maces & Flails
   979 | D:2      | Found a shadowy altar of Dithmenos.
  1076 | D:2      | Reached XP level 4. HP: 37/40 MP: 3/3
  1087 | D:2      | Reached skill level 1 in Dodging
  1090 | D:2      | Noticed Robin
  1115 | D:2      | Killed Robin
  1116 | D:2      | Reached skill level 4 in Maces & Flails
  1153 | D:2      | Noticed Terence
  1164 | D:2      | Killed Terence
  1586 | D:3      | Reached XP level 5. HP: 46/46 MP: 4/4
  1675 | D:3      | Found Resaytz's Vocational Training.
  1789 | D:3      | Found a runed translucent gate.
  1789 | D:3      | Found a runed translucent gate.
  1790 | D:3      | Found a runed translucent gate.
  1792 | D:3      | Noticed sheffield53's ghost (amateur SpEn)
  2071 | D:4      | Found an opulent altar of Gozag.
  2092 | D:4      | Noticed Sigmund
  2183 | D:4      | Noticed an ogre
  2651 | D:4      | Noticed an ogre
  2739 | D:4      | Killed an ogre
  2740 | D:4      | Reached skill level 5 in Fighting
  2740 | D:4      | Reached skill level 5 in Maces & Flails
  2740 | D:4      | Reached XP level 6. HP: 37/56 MP: 5/5
  2784 | D:4      | Killed Sigmund
  2785 | D:4      | Reached skill level 5 in Armour
  2837 | D:5      | Entered Level 5 of the Dungeon
  2941 | D:4      | Reached XP level 7. HP: 45/61 MP: 6/6
  2944 | D:4      | Reached skill level 6 in Maces & Flails
  3459 | D:5      | HP: 2/62 [ogre/+0 giant spiked club (16)]
  3753 | D:5      | Found a hide-covered altar of Uskayaw.
  3772 | D:5      | Reached skill level 7 in Maces & Flails
  4285 | D:5      | Reached XP level 8. HP: 65/70 MP: 7/7
  4290 | Abyss:1  | Noticed a sixfirhy
  4290 | Abyss:1  | Noticed a large abomination
  4290 | Abyss:1  | Cast into level 1 of the Abyss (centaur)
  4299 | Abyss:1  | Mangled by a sixfirhy

Illustrated notes

Levels and vault maps discovered:
D:1:      evilmike_arrival_hilbert_curve, layout_loops_corners,
          hellmonk_ecumenical_altar_leap_of_faith, wad_floor_pattern_untrapped
D:2:      layout_basic, basic_altar, minmay_statues_item, uniq_terence,
          uniq_robin
D:3:      layout_basic, gammafunk_ghost_necromancy, nicolae_shop_vocational
D:4:      layout_cave_pods, lemuel_tele_altar, uniq_sigmund
D:5:      layout_gridville, mainiacjoe_overflow_catwalk
Abyss:1:  base: D:4, hangedman_cross_veins

Skill      XL: |  1  2  3  4  5  6  7 |
---------------+----------------------+-----
Armour         | 4 5 6 |  6.5
Shields        | 4 |  4.9
Fighting       | 4 5 6 |  6.0
Maces & Flails | 3 4 5 7 |  7.4
Dodging        | 1 2 |  2.3
Stealth        | |  0.2

Action                     |  1- 3 |  4- 6 |  7- 9 || total
---------------------------+-------+-------+-------++-------
  Melee: Flail             |    93 |   137 |    59 ||   289
         Headbutt          |    14 |    19 |    12 ||    45
    Use: Scroll            |     5 |     7 |     3 ||    15
         Potion            |       |     2 |     3 ||     5
   Stab: Sleeping          |       |       |     1 ||     1
 Armour: Scale mail        |    48 |    58 |    26 ||   132
  Dodge: Dodged            |    55 |    61 |    40 ||   156
  Block: Buckler           |    22 |    26 |    13 ||    61
